 Dungeon Crawl Stone Soup version 0.30-a0-719-gcc4359ea44 (webtiles) character file.

Game seed: 10101595809018616003

120 Mitcholas the Shooter (level 4, 0/36 HPs)
             Began as a Draconian Hunter on Jan 26, 2023.
             Slain by an orc priest
             ... wielding a +0 club
              (2 damage)
             ... on level 3 of the Dungeon.
             The game lasted 00:02:53 (2370 turns).

Mitcholas the Shooter (Draconian Hunter)            Turns: 2370, Time: 00:02:54

Health: 0/36       AC:  5    Str: 14    XL:     4   Next: 75%
Magic:  4/4        EV: 12    Int:  9    God:
Gold:   252        SH:  0    Dex: 16    Spells: 3/3 levels left

rFire   . . .      SeeInvis .    a - +0 shortbow
rCold   . . .      Faith    .    (shield currently unavailable)
rNeg    . . .      Spirit   .    (body armour unavailable)
rPois   .          Reflect  .    (helmet restricted)
rElec   .          Harm     .    (no cloak)
rCorr   .          Rampage  .    (no gloves)
Will    .....                    (no boots)
Stlth   ++                       (no amulet)
HPRegen 0.26/turn                g - ring of flight
MPRegen 0.09/turn                (no ring)

@: flying
A: AC +5, unfitting armour, cold-blooded
a: no special abilities


You were on level 3 of the Dungeon.
You visited 1 branch of the dungeon, and saw 3 of its levels.

You collected 252 gold pieces.

Inventory:

Hand Weapons
 a - a +0 shortbow (weapon)
Jewellery
 g - a ring of flight (left hand)
Scrolls
 b - 2 scrolls of immolation
 d - a scroll of enchant weapon {unknown}
 j - 5 scrolls of identify {unknown}
 l - 2 scrolls of vulnerability {unknown}
 m - a scroll of teleportation {unknown}
 q - a scroll of poison {unknown}
 r - a scroll of silence {unknown}
 t - a scroll of fear {unknown}
Potions
 c - 3 potions of flight {unknown}
 e - 2 potions of haste {unknown}
 f - a potion of cancellation {unknown}
 h - 4 potions of degeneration {unknown}
 i - a potion of might {unknown}
 k - a potion of ambrosia {unknown}
 n - a potion of curing {unknown}
 o - 2 potions of lignification {unknown}
 p - a potion of brilliance {unknown}
 s - a potion of mutation {unknown}


   Skills:
 - Level 2.1 Fighting
 + Level 5.6 Ranged Weapons
 - Level 1.7 Dodging
 - Level 0.8 Stealth


You had 3 spell levels left.
You didn't know any spells.
Your spell library was empty.

Dungeon Overview and Level Annotations

Branches:
Dungeon (3/15)

Altars:
Zin


Innate Abilities, Weirdness & Mutations

Your plain brown scales are hard. (AC +5)
You cannot fit into any form of body armour.
You are cold-blooded and may be slowed by cold attacks.


Message History

The orc barely misses you.
Fire: a) +0 shortbow
Press: ? - help, Q - select action Shift-Dir - straight line, f/p - orc
Aim: an orc, wielding a +1 dagger of electrocution and wearing a +0 chain mail (70% to hit)
You shoot an arrow. The arrow closely misses the orc.
The arrow hits the orc priest.
The orc priest is lightly wounded.
The orc hits you but does no damage.
The orc priest attacks as you move away!
The orc priest hits you but does no damage.
Fire: a) +0 shortbow
Press: ? - help, Q - select action Shift-Dir - straight line, f - orc priest, p - orc
Aim: an orc priest, wielding a +0 club and wearing a +0 leather armour (lightly wounded, 63% to hit)
You shoot an arrow. The arrow hits the orc priest.
The orc priest is moderately wounded.
The orc priest misses you.
The orc hits you with a +1 dagger of electrocution.
Fire: a) +0 shortbow
Press: ? - help, Q - select action Shift-Dir - straight line, f/p - orc priest
Aim: an orc priest, wielding a +0 club and wearing a +0 leather armour (moderately wounded, 63% to hit)
You shoot an arrow. The arrow hits the orc priest.
The orc priest is moderately wounded.
The orc priest hits you with a +0 club.
Fire: a) +0 shortbow
Press: ? - help, Q - select action Shift-Dir - straight line, f/p - orc priest
Aim: an orc priest, wielding a +0 club and wearing a +0 leather armour (moderately wounded, 63% to hit)
You shoot an arrow. The arrow hits the orc priest.
The orc priest is severely wounded.
The orc priest hits you but does no damage.
The orc hits you but does no damage.
You are electrocuted!
* * * LOW HITPOINT WARNING * * *
The orc barely misses you. The orc misses you.
The orc hits you but does no damage.
The orc priest miscasts a cantrip.
Fire: a) +0 shortbow
Press: ? - help, Q - select action Shift-Dir - straight line, f/p - orc priest
Aim: an orc priest, wielding a +0 club and wearing a +0 leather armour (severely wounded, 63% to hit)
You shoot an arrow. The arrow barely misses the orc priest.
The orc priest hits you with a +0 club.
You die...

####### #...[.#
#.....#
#.....#############
#...o@♣.♣.♣.♣.♣.♣.##
#...o♣o..♣...♣...♣.#
###.♣.♣.♣.♣.♣.♣.♣.♣###
#....♣...♣...♣......
#.♣o♣.♣.♣.♣.♣.♣.♣...
#..♣...♣...♣...♣....
#.♣)♣.♣.♣.♣.♣.♣.♣...
#....♣...♣...♣......
#.♣.♣.♣.♣.♣.♣.♣.♣...


You could see an orc priest and 2 orcs.

Vanquished Creatures
  A jelly (D:3)
  5 adders
  A dart slug (D:1)
  An orc (D:3)
  2 bats (D:1)
  2 endoplasms
  3 giant cockroaches
  5 goblins
  3 hobgoblins
  3 quokkas (D:1)
  7 ball pythons
  4 frilled lizards
  2 kobolds
  7 rats
46 creatures vanquished.

Notes
Turn   | Place    | Note
-------+----------+-------------------------------------------
     0 | D:1      | Mitcholas the Draconian Hunter began the quest for the Orb.
     0 | D:1      | Reached XP level 1. HP: 17/17 MP: 1/1
   250 | D:1      | Reached skill level 4 in Ranged Weapons
   365 | D:1      | Reached XP level 2. HP: 24/24 MP: 2/2
  1208 | D:2      | Reached XP level 3. HP: 26/29 MP: 3/3
  1253 | D:2      | Found a glowing silver altar of Zin.
  1471 | D:2      | Reached skill level 5 in Ranged Weapons
  1794 | D:2      | Reached XP level 4. HP: 36/36 MP: 4/4
  2370 | D:3      | Slain by an orc priest

Illustrated notes

Levels and vault maps discovered:
D:1:      elethiomel_arrival_quiet, layout_basic, minmay_3d_cube
D:2:      layout_basic, basic_altar
D:3:      layout_rooms, kennysheep_crisscross, minmay_misc_feat_diagonals,
          minmay_circle_x

Skill      XL: |  1  2  3 |
---------------+----------+-----
Ranged Weapons | 4 5 |  5.6
Fighting       | |  2.1
Dodging        | |  1.7
Stealth        | |  0.8

Action                     |  1- 3 |  4- 6 || total
---------------------------+-------+-------++-------
   Fire: Shortbow          |    78 |    54 ||   132
 Armour: Skin              |    11 |     8 ||    19
  Dodge: Dodged            |    25 |    19 ||    44

Table legend: (Time is in decaauts)
 A = Elapsed time spent in this place.
 B = Non-inter-level travel time spent in this place.
 C = Inter-level travel time spent in this place.
 D = Time resting spent in this place.
 E = Time spent auto-exploring this place.
 F = Levels seen in this place.
 G = Mean time per level.
                   A        B        C        D        E       F      G
               +--------+--------+--------+--------+--------+-----+--------+
         Total |   2403 |   2325 |     78 |    102 |   1966 |   3 |  801.0 |
       Dungeon |   2403 |   2325 |     78 |    102 |   1966 |   3 |  801.0 |
               +--------+--------+--------+--------+--------+-----+--------+

Top non-repeatable levels by time:
     D:1: 1114 daAuts
     D:2: 807 daAuts
     D:3: 480 daAuts
